 Dungeon Crawl Stone Soup version 0.24.1-8-ga250c9d538 (webtiles) character file.

Game seed: 24417947219927697, levelgen mode: deterministic

129 raph the Grave Robber (level 4, 0/31 HPs)
             Began as a Demonspawn Necromancer on May 3, 2020.
             Succumbed to a water moccasin's poison
             ... on level 3 of the Dungeon.
             The game lasted 00:06:31 (2739 turns).

raph the Grave Robber (Demonspawn Necromancer)      Turns: 2739, Time: 00:06:31

Health: 0/31       AC:  5    Str:  8    XL:     4   Next: 88%
Magic:  3/8        EV: 13    Int: 17    God:
Gold:   42         SH:  0    Dex: 14    Spells: 3/8 levels left

rFire    + . .     SeeInvis .   b - +0 dagger
rCold    x . .     Gourm    .   (no shield)
rNeg     . . .     Faith    .   a - +0 robe
rPois    .         Spirit   .   l - +0 hat
rElec    .         Reflect  .   (no cloak)
rCorr    .         Harm     .   (no gloves)
MR       .....                  p - +0 pair of boots
Stlth    +++.......             (no amulet)
HPRegen  0.10/turn              f - ring of fire
MPRegen  0.11/turn              h - ring of stealth

@: lethally poisoned (0 -> -13)
A: horns 1, icy blue scales 1, demonic guardian 1
a: no special abilities


You were on level 3 of the Dungeon.
You were not hungry.

You visited 1 branch of the dungeon, and saw 3 of its levels.

You collected 42 gold pieces.

Inventory:

Hand Weapons
 b - a +0 dagger (weapon)
Armour
 a - a +0 robe (worn)
 j - a +0 buckler
 l - a +0 hat (worn)
 p - a +0 pair of boots (worn)
Jewellery
 f - a ring of fire (left hand)
 h - a ring of stealth (right hand)
Scrolls
 d - a scroll of amnesia
 g - 3 scrolls of teleportation {unknown}
 i - a scroll of identify {unknown}
 n - a scroll of random uselessness {unknown}
 o - a scroll of fog {unknown}
Potions
 e - 2 potions of agility
Comestibles
 c - 10 rations
 m - 3 chunks of flesh


   Skills:
 * Level 0.7 Fighting
 * Level 2.4 Dodging
 - Level 2.3 Stealth
 + Level 2.7 Spellcasting
 * Level 5.6 Necromancy


You had 3 spell levels left.
You knew the following spells:

 Your Spells              Type           Power        Failure   Level  Hunger
a - Pain                  Necr           ###.         1%          1    #......
b - Animate Skeleton      Necr           N/A          1%          1    #......
c - Regeneration          Chrm/Necr      ##........   17%         3    ###....

Your spell library contained the following spells:

 Spells                   Type           Power        Failure   Level  Hunger
 Vampiric Draining        Necr           ###.......   5%          3    ###....
 Animate Dead             Necr           N/A          17%         4    #####..


Dungeon Overview and Level Annotations

Branches:
Dungeon (3/15)

Altars:

Portals:
Sewer: D:3


Innate Abilities, Weirdness & Mutations

You have a pair of small horns on your head.
You are partially covered in icy blue scales. (AC +2)
A weak demonic guardian rushes to your aid.


Message History

* * * LOW HITPOINT WARNING * * *
You are lethally poisoned!
The water moccasin poisons you! The water moccasin barely misses you.
Your ball python skeleton bites the water moccasin but does no damage.
Your ball python skeleton constricts the water moccasin.
Your rat skeleton barely misses the water moccasin.
Your orc skeleton hits the water moccasin with a +0 short sword.
It was a potion of agility.
You feel agile all of a sudden.
* * * LOW HITPOINT WARNING * * *
You feel sick.
The water moccasin bites your orc skeleton.
Your ball python skeleton bites the water moccasin.
Your ball python skeleton constricts the water moccasin.
Your rat skeleton bites the water moccasin.
It was a potion of cancellation.
Your magical effects are unravelling.
You feel magically purged.
You feel a little less agile now.
You die...

##.####<#
#.............# #.
#.#
#.####........# .
#.# # ##..†.....#
#. #.#
.###.........# #.#
.............#####
#.#
.##....≈≈≈.......#
..#
#...≈≈≈≈≈......#
###
##..≈≈∩≈≈......#
#.@≈≈≈≈≈......#
#.S.≈≈≈.......#
#ZZZ..........#
#.............#
###.!.#.......#
##..#...$...
.)......(#......
.#.####=##.#.###
#.# ..


You could see a water moccasin, a friendly ball python skeleton, a friendly rat
skeleton and a friendly orc skeleton.

Vanquished Creatures
  A scorpion (D:2)
  An adder (D:2)
  3 oozes
  A dart slug (D:2)
  A leopard gecko (D:1)
  An orc (D:3)
  6 bats
  2 giant cockroaches
  7 goblins
  4 hobgoblins (D:1)
  4 jackals (D:2)
  4 ball pythons
  4 frilled lizards
  3 kobolds
  14 rats
56 creatures vanquished.

Notes
Turn   | Place    | Note
-------+----------+-------------------------------------------
     0 | D:1      | raph the Demonspawn Necromancer began the quest for the
                  | Orb.
     0 | D:1      | Reached XP level 1. HP: 13/13 MP: 3/3
    37 | D:1      | Learned a level 1 spell: Animate Skeleton
   516 | D:1      | Gained mutation: You have a pair of small horns on your
                  | head. [demonic ancestry]
   516 | D:1      | Reached XP level 2. HP: 19/19 MP: 3/5
  1454 | D:2      | Gained mutation: You are partially covered in icy blue
                  | scales. (AC +2) [demonic ancestry]
  1454 | D:2      | Reached XP level 3. HP: 24/24 MP: 4/6
  1507 | D:2      | Learned a level 3 spell: Vampiric Draining
  1708 | D:2      | Reached skill level 5 in Necromancy
  2276 | D:2      | Noticed a scorpion
  2280 | D:2      | Killed a scorpion
  2280 | D:2      | Gained mutation: A weak demonic guardian rushes to your
                  | aid. [demonic ancestry]
  2280 | D:2      | Reached XP level 4. HP: 28/31 MP: 2/8
  2655 | D:3      | Learned a level 3 spell: Regeneration
  2673 | D:3      | Found a glowing drain.
  2724 | D:3      | Noticed a water moccasin
  2738 | D:3      | HP: 1/31 [poisoned by a water moccasin]
  2739 | D:3      | Succumbed to a water moccasin's poison

Levels and vault maps discovered:
D:1:      evilmike_arrival_plus, layout_basic, minmay_pentomino_u4
D:2:      layout_basic
D:3:      layout_basic, first_ration, portal_sewer_entry_a

Skill      XL: |  1  2  3 |
---------------+----------+-----
Stealth        | 2 |  2.3
Dodging        | 2 |  2.4
Necromancy     | 5 |  5.6
Fighting       | |  0.7
Spellcasting   | |  2.7

Action                   |  1- 3 |  4- 6 || total
-------------------------+-------+-------++-------
Melee: Dagger            |     3 |    14 ||    17
       Headbutt          |       |     2 ||     2
 Cast: Pain              |    79 |    20 ||    99
       Animate Skeleton  |    19 |     3 ||    22
  Use: Potion            |       |     2 ||     2
       Scroll            |       |     1 ||     1
 Stab: Sleeping          |       |     1 ||     1
  Eat: Chunk             |     5 |     2 ||     7
Armor: Robe              |     2 |     4 ||     6
Dodge: Dodged            |    12 |    10 ||    22
